 Dungeon Crawl Stone Soup version 0.17-a0-1899-ge84b1df (webtiles) character file.

70 Magnus the Vexing (level 4, -7/24 HPs)
             Began as a Deep Elf Enchanter on Sept 24, 2015.
             Mangled by an orc
             ... wielding a +0 war axe
              (11 damage)
             ... on level 3 of the Dungeon.
             The game lasted 00:09:09 (3849 turns).

Magnus the Vexing (Deep Elf Enchanter)              Turns: 3849, Time: 00:09:10

Health: -7/24      AC:  4    Str:  5    XL:     4   Next: 4%
Magic:  10/11      EV: 13    Int: 20    God:
Gold:   191        SH:  0    Dex: 16    Spells: 2 memorised, 6 levels left

rFire  . . .     SeeInvis .     a - +1 dagger
rCold  . . .     Clarity  .     b - +1 robe
rNeg   . . .     SustAt   .     (no shield)
rPois  .         Gourm    .     (no helmet)
rElec  .         Spirit   .     (no cloak)
rCorr  .         Warding  .     j - +0 pair of gloves
rMut   .         Stasis   .     (no boots)
MR     .....                    (no amulet)
Stlth  +++.......               (no ring)
                                (no ring)

@: not resistant to hostile enchantments, fairly stealthy
A: no striking features
a: no special abilities


You were on level 3 of the Dungeon.
You were not hungry.

You visited 1 branch of the dungeon, and saw 3 of its levels.

You collected 191 gold pieces.

Inventory:

Hand weapons
 a - a +1 dagger (weapon)
Missiles
 e - 5 javelins (quivered)
 y - 3 throwing nets
Armour
 b - a +1 robe (worn)
 j - a +0 pair of gloves (worn)
Magical devices
 u - a wand of digging (6)
Scrolls
 f - 4 scrolls of identify {unknown}
 h - 2 scrolls of enchant weapon {unknown}
 i - 4 scrolls of enchant armour {unknown}
 l - 2 scrolls of fear {unknown}
 m - 3 scrolls of amnesia {unknown}
 n - a scroll of recharging {unknown}
 o - a scroll of noise {unknown}
 r - a scroll of random uselessness {unknown}
 t - a scroll of remove curse {unknown}
Potions
 g - 2 potions of heal wounds
 p - 2 potions of curing {unknown}
 q - a potion of agility {unknown}
 s - a potion of haste {unknown}
Books
 c - a book of Maledictions

   Spells                             Type                      Level
   a - Corona                         Hexes                        1
   b - Ensorcelled Hibernation        Hexes/Ice                    2
   c - Confuse                        Hexes                        3
   d - Tukima's Dance                 Hexes                        3
   e - Dazzling Spray                 Conjuration/Hexes            3
Comestibles
 d - 2 bread rations
 k - a meat ration
 w - 2 royal jellies
 x - a beef jerky


   Skills:
 + Level 0.7 Fighting
 + Level 1.3 Short Blades
 + Level 3.3 Dodging
 + Level 4.3 Stealth
 + Level 3.4 Spellcasting
 + Level 4.7 Hexes


You had 6 spell levels left.
You knew the following spells:

 Your Spells              Type           Power        Failure   Level  Hunger
a - Corona                Hex            ###....      1%          1    None
b - Ensorcelled Hibernat  Hex/Ice        ##....       10%         2    ##.....


Dungeon Overview and Level Annotations

Branches:
Dungeon (3/15)

Altars:
The Shining One

Annotations:
D:3 Lizzurd's ghost, average NaVM


Message History

You barely miss the orc. The orc hits you with a war axe.
You hit the orc but do no damage. The orc hits you with a war axe.
You hit the orc but do no damage. The orc hits you with a war axe.
You closely miss the orc. You barely miss the orc. The orc misses you.
Casting: Corona
Confirm with . or Enter, or press ? or * to list all spells.
Aiming: Corona
Press: ? - help, Shift-Dir - straight line, f - orc
Aim: an orc, wielding a war axe and wearing a scale mail (chance to defeat MR: 88%)
The orc is outlined in light.
The orc closely misses you.
You hit the orc but do no damage. The orc hits you but does no damage.
You hit the orc but do no damage. The orc hits you with a war axe.
* * * LOW HITPOINT WARNING * * *
You hit the orc.
The orc is heavily wounded.
You hit the orc but do no damage.
The orc is heavily wounded.
The orc hits you with a war axe!
You die...

................## ###.
...............###...
......$..........#...
##.............#.....
###...........##..#. #
##................###
...#..##...........###
#.....#..%......#.#
#o@.........#..#
#..............###..#
##..###################
## #.(................
#..#...#...#...#...
#_...............(.
#..#...#...#...#...
#..................
###################


You could see an orc.

Vanquished Creatures
  An adder (D:2)
  2 oozes
  A worm (D:3)
  An orc (D:3)
  3 goblins
  7 hobgoblins
  7 jackals
  5 kobolds
  A quokka (D:3)
  A ball python (D:3)
  2 bats
  5 giant geckos
  6 rats
42 creatures vanquished.

Notes
Turn   | Place    | Note
--------------------------------------------------------------
     0 | D:1      | Magnus the Deep Elf Enchanter began the quest for the Orb.
     0 | D:1      | Reached XP level 1. HP: 10/10 MP: 6/6
   851 | D:1      | Reached XP level 2. HP: 16/16 MP: 8/8
  1722 | D:2      | Reached XP level 3. HP: 5/20 MP: 6/9
  1977 | D:2      | Learned a level 2 spell: Ensorcelled Hibernation
  2943 | D:3      | Found a glowing golden altar of the Shining One.
  3263 | D:3      | Noticed Lizzurd's ghost (average NaVM)
  3537 | D:2      | Reached XP level 4. HP: 12/24 MP: 11/11
  3849 | D:3      | Mangled by an orc

Vault maps used:
D:1:      elethiomel_arrival_infinity_welcomes_careful_drivers
D:2:      roderic_roman_lattice, st_stairs_12
D:3:      lemuel_coloured_pillars_altar, first_bread

Action                   |  1- 3 |  4- 6 || total
-------------------------+-------+-------++-------
Melee: Dagger            |   148 |    30 ||   178
 Cast: Corona            |     2 |     2 ||     4
  Use: Potion            |       |     1 ||     1
 Stab: Sleeping          |     9 |       ||     9
       Distracted        |     1 |       ||     1
  Eat: Chunk             |     8 |     1 ||     9
